 Dungeon Crawl Stone Soup version 0.30.1-4-g462c640d31 (webtiles) character file.

Game seed: 3994791316810862905

28985 CareLess the Fighter (level 13, -1/123 HPs)
             Began as a Minotaur Berserker on Sept 7, 2023.
             Was a High Priest of Trog.
             Slain by a tyrant leech (24 damage)
             ... on level 1 of the Swamp.
             The game lasted 01:02:16 (14212 turns).

CareLess the Fighter (Minotaur Berserker)          Turns: 14212, Time: 01:02:16

Health: -1/123     AC: 21    Str: 33    XL:     13   Next: 12%
Magic:  12/12      EV: 12    Int:  4    God:    Trog [*****.]
Gold:   914        SH:  0    Dex: 10    Spells: 12/12 levels left

rFire   . . .        g - +4 battleaxe (flame)
rCold   . . .        (shield currently unavailable)
rNeg    . . .        B - +0 plate armour
rPois   .            (helmet restricted)
rElec   .            v - +0 cloak
rCorr   .            o - +0 pair of gloves
SInv    .            s - +0 pair of boots
Will    +....        m - amulet of regeneration Stlth
                     y - ring of willpower
HPRegen 1.20/turn    D - +6 ring of strength
MPRegen 0.13/turn

%: no passive effects
@: on berserk cooldown, slowed, very slow
A: horns 2, retaliatory headbutt
a: Renounce Religion, Berserk, Trog's Hand, Brothers in Arms


You were on level 1 of the Swamp.
You worshipped Trog.
Trog was extremely pleased with you.
You visited 4 branches of the dungeon, and saw 16 of its levels.
You also visited: Sewer, Ossuary and Bailey.

You collected 1034 gold pieces.
You spent 120 gold pieces at shops.

Inventory:

Hand Weapons
 g - a +4 battleaxe of flaming (weapon)
 l - a +2 heavy flail
 G - a +0 war axe
 I - a +0 heavy spear
 X - a +1 heavy hand axe
Missiles
 i - 8 boomerangs
 n - 113 stones (quivered)
 t - 31 poisoned darts
 L - 4 throwing nets
Armour
 a - the +2 pair of gloves of Inaction {+Blink rElec rC- Int+3}
   (You found it on level 11 of the Dungeon)

   Int:       It affects your intelligence (+3).
   rC:        It makes you vulnerable to cold.
   rElec:     It insulates you from electricity.
   +Blink:    It lets you blink.
 h - a +2 hat
 o - a +0 pair of gloves (worn)
 s - a +0 pair of boots (worn)
 u - a +0 buckler
 v - a +0 cloak (worn)
 w - a scarf of resistance
 B - a +0 plate armour (worn)
 M - a +0 pair of boots of stealth
Jewellery
 b - a ring of see invisible
 m - an amulet of regeneration (around neck)
 y - a ring of willpower (left hand)
 D - a +6 ring of strength (right hand)
 V - a ring of fire
Wands
 c - a wand of paralysis (8)
 r - a wand of polymorph (3)
 A - a wand of digging (10)
 K - a wand of flame (36)
 R - a wand of roots (10)
 W - a wand of quicksilver (12)
Scrolls
 e - 2 scrolls of torment {unknown}
 p - a scroll of enchant weapon {unknown}
 E - a scroll of identify {unknown}
 F - a scroll of enchant armour {unknown}
Potions
 d - 2 potions of curing {unknown}
 f - 2 potions of invisibility {unknown}
 j - 2 potions of lignification {unknown}
 k - 6 potions of brilliance {unknown}
 q - 2 potions of haste {unknown}
 x - a potion of degeneration {unknown}
 z - 6 potions of heal wounds {unknown}
 C - 5 potions of attraction {unknown}
 H - 3 potions of ambrosia {unknown}
 N - 2 potions of might {unknown}
 O - 2 potions of flight {unknown}
 U - 3 potions of berserk rage {unknown}
 Y - 2 potions of resistance {unknown}
 Z - 3 potions of mutation {unknown}
Miscellaneous
 T - a piece from Xom's chessboard (15/15)


   Skills:
 + Level 13.9 Fighting
 + Level 13.8 Axes
 + Level 13.6 Armour
 + Level 12.6 Dodging


You had 12 spell levels left.
You didn't know any spells.
Your spell library was empty.

Dungeon Overview and Level Annotations

Branches:
Dungeon (11/15)            Temple (1/1) D:6            Lair (3/5) D:11
  Swamp (1/4) Lair:3       Spider (0/4) Lair:3        Sewer (visited)
Ossuary (visited)          Bailey (visited)
    Orc: D:9-12

Altars:
Ashenzari
Cheibriados
Dithmenos
Elyvilon
Fedhas
Gozag
Hepliaklqana
Kikubaaqudgha
Makhleb
Nemelex Xobeh
Okawaru
Qazlal
Ru
Sif Muna
Trog
Uskayaw
Vehumet
Wu Jian
Xom
Yredelemnul
Zin
The Shining One

Shops:
D:4 [   D:11 *

Annotations:
D:7 1 runed translucent door, Crazy Yiuf


Innate Abilities, Weirdness & Mutations

You have a pair of horns on your head.
You reflexively headbutt those who attack you in melee.


Message History

You destroy the vampire mosquito!
Trog accepts your kill.
The vampire mosquito closely misses you.
Your unstable footing causes you to fumble your attack.
The vampire mosquito bites you but does no damage.
The tyrant leech bites you but does no damage.
You chop the vampire mosquito into pieces!!!
You burn the vampire mosquito.
You destroy the vampire mosquito!
Trog accepts your kill.
You miss the tyrant leech.
Your unstable footing causes you to fumble your attack.
The tyrant leech bites you!
The tyrant leech draws strength from your injuries!
You closely miss the tyrant leech.
The tyrant leech is severely wounded.
The tyrant leech bites you!!
* * * LOW HITPOINT WARNING * * *
The tyrant leech draws strength from your injuries!
Your unstable footing causes you to fumble your attack.
You barely miss the tyrant leech. Your headbutt misses the tyrant leech.
The tyrant leech is heavily wounded.
The tyrant leech bites you!
* * * LOW HITPOINT WARNING * * *
The tyrant leech draws strength from your injuries!
Things that are here:
a vampire mosquito corpse; a vampire mosquito corpse You feel a strong urge to attack something.
You see here a vampire mosquito corpse.
You are no longer berserk.
You are exhausted.
You feel yourself slow down.
You closely miss the tyrant leech. Your headbutt misses the tyrant leech.
The tyrant leech is heavily wounded.
The tyrant leech misses you. You furiously retaliate!
You headbutt the tyrant leech. You slash the tyrant leech!
You burn the tyrant leech.
The tyrant leech is severely wounded.
The tyrant leech bites you!!
You die...

♣♣ .♣♣ ♣♣..♣♣♣♣
♣♣......♣♣
♣..~~$~~~♣
♣♣†~♣~.~~.
♣@w†~..~♣
♣♣....~~~~.~
♣<.~§~§~~.~♣
♣.♣~~♣.~♣~~~
♣..~~~....~.~
...~~~♣.~.....
.~~~.....~~~..
§~~~~.♣~.~~~^...
.w..~. ~~~~~~~♣


You could see a tyrant leech.

Vanquished Creatures
  A minotaur (D:11)
  The ghost of turdburglar the Fighter, a journeyman DsFi of Ru (Lair:2)
  The ghost of Athletesfoot the Cleaver, a journeyman MiBe of Trog (Lair:1)
  Harold (D:10)
  A boulder beetle (Lair:2)
  A hydra (Lair:1)
  5 two-headed ogres
  A lindwurm (Lair:3)
  The ghost of Redexial the Ducker, a novice MfMo of Ashenzari (D:5)
  4 black mambas
  An elephant (D:11)
  A torpor snail (Lair:2)
  2 gargoyles (D:11)
  6 cane toads
  2 rime drakes
  An unseen horror (D:8)
  Psyche (D:11)
  7 komodo dragons
  2 trolls (D:9)
  3 dream sheep (Lair:2)
  A tyrant leech (Swamp:1)
  2 shadows
  A human (D:7)
  3 wyverns
  Eustachio (D:4)
  24 yaks
  A basilisk (Lair:2)
  3 hogs (D:7)
  4 vampire mosquitoes (Swamp:1)
  An acid dragon (D:8)
  Duvessa (D:4)
  9 water moccasins
  6 orc warriors
  5 black bears
  2 ice beasts
  10 wolves
  2 ogres
  6 centaurs
  2 elf zombies (Ossuary)
  5 gnoll sergeants
  5 kobold brigands
  11 bullfrogs
  3 scorpions
  10 wights (D:9)
  Dowan (D:4)
  8 killer bees
  An electric eel (D:6)
  A howler monkey (D:6)
  2 hounds
  7 orc priests
  2 jellies
  2 human zombies (Ossuary)
  A sleepcap (D:4)
  Jessica (D:2)
  3 iguanas
  7 orc wizards
  A bullfrog simulacrum (D:5)
  A centaur simulacrum (D:5)
  2 mummies (Ossuary)
  27 gnolls
  14 adders
  5 river rats
  3 white imps
  A howler monkey simulacrum (D:5)
  An ufetubus (D:5)
  2 adder zombies (Ossuary)
  6 worms (Sewer)
  An adder simulacrum (D:5)
  45 orcs
  11 endoplasms
  4 giant cockroaches
  10 goblins
  4 hobgoblins
  6 jackals
  6 quokkas
  10 ball pythons
  5 bats
  2 frilled lizards (D:1)
  2 goblin zombies (Ossuary)
  7 hobgoblin zombies (Ossuary)
  A jackal zombie (Ossuary)
  13 kobolds
  12 kobold zombies (Ossuary)
  8 orc zombies (Ossuary)
  8 rats
  A rat zombie (Ossuary)
416 creatures vanquished.

Notes
Turn   | Place    | Note
-------+----------+-------------------------------------------
     0 | D:1      | CareLess the Minotaur Berserker began the quest for the
                  | Orb.
     0 | D:1      | Reached XP level 1. HP: 19/19 MP: 0/0
   110 | D:1      | Reached XP level 2. HP: 26/27 MP: 1/1
   329 | D:1      | Reached ** piety under Trog
   578 | D:2      | Noticed Jessica
   587 | D:2      | Killed Jessica
   588 | D:2      | Reached XP level 3. HP: 33/33 MP: 2/2
   714 | D:2      | Reached XP level 4. HP: 33/41 MP: 3/3
   962 | D:2      | Found a faded altar of an unknown god.
  1186 | D:3      | Found an iron altar of Okawaru.
  1425 | D:3      | Found a glowing drain.
  1429 | Sewer    | Entered a sewer
  1448 | Sewer    | Noticed a kobold brigand
  1477 | Sewer    | Killed a kobold brigand
  1478 | Sewer    | Reached XP level 5. HP: 34/47 MP: 4/4
  1670 | Sewer    | Reached skill level 5 in Fighting
  1670 | Sewer    | Reached skill level 5 in Axes
  1692 | Sewer    | Reached XP level 6. HP: 56/56 MP: 5/5
  2021 | Sewer    | Reached *** piety under Trog
  2495 | D:3      | Found an ornate altar of the Wu Jian Council.
  2638 | D:3      | Reached skill level 5 in Armour
  2638 | D:3      | Reached XP level 7. HP: 62/62 MP: 6/6
  2995 | D:4      | Noticed Eustachio
  3008 | D:4      | Killed Eustachio
  3009 | D:4      | Reached skill level 5 in Dodging
  3009 | D:4      | Found a shimmering altar of Xom.
  3292 | D:4      | Reached **** piety under Trog
  3300 | D:4      | Noticed Dowan
  3300 | D:4      | Noticed Duvessa
  3311 | D:4      | Killed Duvessa
  3322 | D:4      | Killed Dowan
  3605 | D:4      | Reached XP level 8. HP: 42/71 MP: 7/7
  3642 | D:4      | Found Tiwidwuo's Antique Armour Shop.
  3646 | D:4      | Bought a pair of glowing boots for 120 gold pieces
  3976 | D:5      | Entered Level 5 of the Dungeon
  4023 | D:5      | Found a runed translucent gate.
  4023 | D:5      | Found a runed translucent gate.
  4023 | D:5      | Found a runed translucent gate.
  4225 | D:5      | Found a blossoming altar of Fedhas.
  4239 | D:5      | Found a hazy altar of Hepliaklqana.
  4239 | D:5      | Found a white marble altar of Elyvilon.
  4241 | D:5      | Found a radiant altar of Vehumet.
  4242 | D:5      | Found a sparkling altar of Nemelex Xobeh.
  4582 | D:5      | Noticed Redexial's ghost (novice MfMo)
  4638 | D:5      | Killed Redexial's ghost
  4639 | D:5      | Reached XP level 9. HP: 81/81 MP: 8/8
  5103 | D:6      | Found a sand-covered staircase.
  5111 | Ossuary  | Entered an ossuary
  5177 | Ossuary  | Reached ***** piety under Trog
  5233 | Ossuary  | Received a gift from Trog
  5432 | D:6      | Found a staircase to the Ecumenical Temple.
  5442 | Temple   | Entered the Ecumenical Temple
  5869 | D:6      | You fall into a shaft and drop 1 floor!
  6234 | D:7      | Found a runed translucent door.
  6235 | D:7      | Noticed Crazy Yiuf
  6802 | D:7      | Reached XP level 10. HP: 78/91 MP: 9/9
  7416 | D:8      | Reached skill level 10 in Fighting
  7419 | D:8      | Reached skill level 10 in Axes
  8437 | D:9      | Noticed a two-headed ogre
  8445 | D:9      | Killed a two-headed ogre
  8446 | D:9      | Reached skill level 10 in Armour
  8483 | D:9      | Noticed a two-headed ogre
  8492 | D:9      | Killed a two-headed ogre
  8745 | D:9      | Noticed a two-headed ogre
  8753 | D:9      | Killed a two-headed ogre
  8754 | D:9      | Reached XP level 11. HP: 78/101 MP: 10/10
  9001 | D:9      | Noticed a two-headed ogre
  9010 | D:9      | Killed a two-headed ogre
  9011 | D:9      | Reached skill level 10 in Dodging
  9078 | D:9      | Found a shimmering blue altar of Sif Muna.
  9241 | D:10     | Entered Level 10 of the Dungeon
  9328 | D:10     | Found a flagged portal.
  9347 | Bailey   | Entered a bailey
  9900 | D:10     | Noticed Harold
  9908 | D:10     | Killed Harold
 10508 | D:11     | Noticed a two-headed ogre
 10514 | D:11     | Killed a two-headed ogre
 10644 | D:11     | Found a runed translucent door.
 10783 | D:11     | Noticed a minotaur
 10796 | D:11     | Killed a minotaur
 11041 | D:11     | Found Zoic Qar's General Store.
 11131 | D:11     | Identified the +2 pair of gloves of Inaction {+Blink rElec
                  | rC- Int+3}
 11196 | D:11     | Noticed Psyche
 11202 | D:11     | Killed Psyche
 11265 | D:11     | Noticed a boulder beetle
 11311 | D:11     | Found a staircase to the Lair.
 11355 | Lair:1   | Entered Level 1 of the Lair of Beasts
 11436 | Lair:1   | Found a runed translucent gate.
 11436 | Lair:1   | Found a runed translucent gate.
 11436 | Lair:1   | Found a runed translucent gate.
 11437 | Lair:1   | Noticed Athletesfoot's ghost (journeyman MiBe)
 11454 | Lair:1   | Noticed a four-headed hydra
 11461 | Lair:1   | Killed a seven-headed hydra
 11462 | Lair:1   | Reached XP level 12. HP: 79/112 MP: 11/11
 12391 | Lair:1   | Killed Athletesfoot's ghost
 12515 | Lair:2   | Received a gift from Trog
 12537 | Lair:2   | Found a runed translucent door.
 12541 | Lair:2   | Noticed turdburglar's ghost (journeyman DsFi)
 12584 | Lair:2   | Killed turdburglar's ghost
 12903 | Lair:2   | Noticed a boulder beetle
 12910 | Lair:2   | Killed a boulder beetle
 13388 | Lair:3   | Found a hole to the Spider Nest.
 13571 | Lair:3   | Identified the +2 leather armour of the Echidna {rF+ Will-
                  | Int+3}
 13639 | Lair:3   | Found a staircase to the Swamp.
 13731 | Lair:3   | Reached XP level 13. HP: 110/123 MP: 12/12
 14184 | Swamp:1  | Entered Level 1 of the Swamp
 14212 | Swamp:1  | Slain by a tyrant leech

Illustrated notes

Levels and vault maps discovered:
D:1:      nicolae_arrival_memento_mori, layout_rooms, grunt_decor_cap,
          serial_bayou_ford_a
D:2:      layout_rooms, hellmonk_ecumenical_altar_heavens_door, uniq_jessica
D:3:      layout_loops_ring, lemuel_crystal_altar,
          mainiacjoe_overflow_cross_hatched, gup_sewer_entry_spiral,
          minmay_joined_circles
D:4:      layout_loops_corners, amcnicky_altar_gilded, serial_shops, shop,
          uniq_duvessa, uniq_eustachio
D:5:      layout_cave_pools, minitemple, gammafunk_ghost_icy
D:6:      layout_cave_pools, minmay_temple_entry_statues_pillars,
          enter_ossuary_5, nrook_pool_corridor, serial_park_tiny_1
D:7:      layout_loops_corners, grunt_livestock, uniq_crazy_yiuf_cottage
D:8:      layout_layer_cave, kennysheep_generic_room_12
D:9:      layout_irregular_city, nicolae_sif_muna_condensation
D:10:     layout_basic, enter_bailey_3, uniq_harold
D:11:     dreamdust_labyrinth, layout_basic, david_lair_generic, serial_shops,
          shop, uniq_psyche
Temple:   dshaligram_water_room_temple
Lair:1:   layout_cave_pods, gammafunk_ghost_split, beast_lair_carwin_5,
          serial_bayou_shore_b
Lair:2:   layout_long_grid, gammafunk_ghost_grave, lemuel_fruit_tree,
          grunt_megastairs_5, lemuel_fruit_fields
Lair:3:   layout_long_grid, swamp_mist, spider_nest_entry_web_field,
          nicolae_quartered_pool_impasse
Swamp:1:  layout_falls_marsh, nicolae_swamp_tree_designs

Skill      XL: |  1  2  3  4  5  6  7  8  9 10 11 12 |
---------------+-------------------------------------+-----
Fighting       | 4 5 6 8 9 10 12 13 | 13.9
Axes           | 4 5 6 7 9 10 12 13 | 13.8
Armour         | 3 4 5 6 7 9 10 12 13 | 13.6
Dodging        | 3 4 5 6 8 9 11 12 | 12.6

Action                     |  1- 3 |  4- 6 |  7- 9 | 10-12 | 13-15 || total
---------------------------+-------+-------+-------+-------+-------++-------
  Melee: Hand axe          |    72 |   223 |    82 |   350 |       ||   727
         Headbutt          |     8 |    30 |    52 |    98 |     7 ||   195
         Punch             |     1 |     2 |     5 |       |       ||     8
         War axe           |       |       |   209 |       |       ||   209
         Battleaxe         |       |       |       |    73 |    38 ||   111
  Throw: Stone             |       |       |     4 |       |       ||     4
 Invoke: Berserk           |       |     2 |     7 |     6 |     1 ||    16
 Armour: Ring mail         |    39 |    63 |       |       |       ||   102
         Plate armour      |       |     1 |   224 |   352 |    38 ||   615
  Dodge: Dodged            |    49 |   108 |   197 |   303 |    36 ||   693
  Block: Buckler           |       |       |     2 |    52 |       ||    54
